 Dungeon Crawl Stone Soup version 0.24.1-4-ge52af88ad5 (webtiles) character file.

Game seed: 14955258266628286904, levelgen mode: deterministic

1823 lepoulpe303 the Sneak (level 8, -1/39 HPs)
             Began as a Spriggan Venom Mage on Apr 20, 2020.
             Was a Follower of Dithmenos.
             Killed from afar by an orc wizard (3 damage)
             ... with a magic dart
             ... on level 6 of the Dungeon.
             The game lasted 00:27:26 (7092 turns).

lepoulpe303 the Sneak (Spriggan Venom Mage)         Turns: 7092, Time: 00:27:27

Health: -1/39      AC:  2    Str:  4    XL:     8   Next: 85%
Magic:  12/16      EV: 21    Int: 18    God:    Dithmenos [*.....]
Gold:   180        SH:  0    Dex: 17    Spells: 7/17 levels left

rFire    . . .     SeeInvis +   a - +2 dagger (venom)
rCold    . . .     Gourm    .   (shield restricted)
rNeg     . . .     Faith    .   l - +0 robe {MR+} {MR+}
rPois    .         Spirit   .   (helmet restricted)
rElec    .         Reflect  .   (no cloak)
rCorr    .         Harm     .   (gloves unavailable)
MR       ++...                  (boots unavailable)
Stlth    ++++......             (no amulet)
HPRegen  0.13/turn              (no ring)
MPRegen  0.15/turn              (no ring)

@: wreathed by umbra, very quick
A: very small, unfitting armour, see invisible, herbivore, speed 3, slow
metabolism 2
a: Renounce Religion


You were on level 6 of the Dungeon.
You worshipped Dithmenos.
Dithmenos was aware of your devotion.
You were not hungry.

You visited 1 branch of the dungeon, and saw 6 of its levels.
You also visited: Sewer.

You collected 180 gold pieces.

Inventory:

Hand Weapons
 a - a +2 dagger of venom (weapon)
Missiles
 c - 2 atropa-tipped darts
 t - 4 poisoned darts (quivered)
Armour
 l - a +0 robe of magic resistance (worn) {MR+}
 v - the cursed +0 robe "Cumam" {rF- rN+++ Regen+ Int+3 Dex-5}
   (You found it on level 4 of the Dungeon)

   It affects your intelligence (+3).
   It affects your dexterity (-5).
   It makes you vulnerable to fire.
   It renders you almost immune to negative energy.
   It increases your rate of regeneration.
   It has a curse placed upon it.
Jewellery
 h - an uncursed ring of protection from fire {unknown}
 r - a cursed ring of wizardry {unknown}
 x - a +3 ring of protection {unknown}
Wands
 s - a wand of acid (4)
 y - a wand of polymorph (8)
Scrolls
 f - a scroll of amnesia {unknown}
 g - 2 scrolls of fear
 i - 4 scrolls of identify
 j - a scroll of noise {unknown}
 k - a scroll of enchant weapon {unknown}
 m - 3 scrolls of teleportation {unknown}
 o - 2 scrolls of remove curse {unknown}
 u - a scroll of enchant armour {unknown}
Potions
 b - 3 potions of haste {unknown}
 d - 5 potions of might
 n - 3 potions of magic {unknown}
 p - 2 potions of flight {unknown}
 q - 4 potions of curing
 w - a potion of berserk rage {unknown}
 z - a potion of brilliance {unknown}
 A - a potion of cancellation {unknown}
 B - 3 potions of heal wounds {unknown}
 C - a potion of ambrosia {unknown}
 D - 2 potions of agility {unknown}
Comestibles
 e - 8 rations


   Skills:
 + Level 2.5 Fighting
 * Level 5.2 Short Blades
 + Level 5.7 Dodging
 + Level 6.4 Stealth
 + Level 5.1 Spellcasting
 * Level 3.7 Conjurations
 * Level 5.7 Poison Magic
 + Level 2.0 Invocations


You had 7 spell levels left.
You knew the following spells:

 Your Spells              Type           Power        Failure   Level  Hunger
a - Sting                 Conj/Pois      ###.         1%          1    None
b - Poisonous Vapours     Pois/Air       ###...       6%          2    #......
c - Olgreb's Toxic Radia  Pois           ####....     12%         4    ####...
x - Mephitic Cloud        Conj/Pois/Air  ###.....     11%         3    ##.....

Your spell library contained the following spells:

 Spells                   Type           Power        Failure   Level  Hunger
 Animate Skeleton         Necr           N/A          13%         1    None
 Apportation              Tloc           #.....       13%         1    None
 Confusing Touch          Hex            #.....       13%         1    None
 Summon Small Mammal      Summ           #...         13%         1    None
 Venom Bolt               Conj/Pois      ###.......   45%         5    ######.


Dungeon Overview and Level Annotations

Branches:
Dungeon (6/15)              Sewer (visited)
 Temple: D:4-7

Altars:
Dithmenos
Hepliaklqana
Okawaru

Annotations:
D:5 2 runed translucent doors, Nebesus's ghost, novice DEGl
D:6 Menkaure


Innate Abilities, Weirdness & Mutations

You are very small and have problems with some larger weapons.
You are too small for most types of armour.
You have supernaturally acute eyesight. (SInv)
You are a herbivore.
You cover ground extremely quickly.
You need to consume almost no food.


Message History

You take 16 damage, and have 2/39 hp.
MASSIVE DAMAGE!!
You now have 12/16 mp.
You hit the jackal skeleton. The jackal skeleton barely misses you.
The orc priest looks braver for a moment.
You barely miss the jackal skeleton. The jackal skeleton closely misses you.
An orc wizard comes into view. It is wielding a +0 dagger.
The jackal skeleton bites you but does no damage.
Aim: an orc priest, wielding a +0 trident and wearing a +0 leather armour (almost dead)
The sting hits the orc priest.
The orc priest is poisoned.
You kill the orc priest!
Your Invocations skill increases to level 2!
The orc wizard shouts!
The jackal skeleton completely misses you.
You now have 12/16 mp.
You hit the jackal skeleton.
You destroy the jackal skeleton!
The orc wizard casts a spell at you. The magic dart hits you.
You die...

..............#........
...........)..#.........
.......###'###).........
.......#≈≈≈≈≈#..........
.......#≈≈≈≈≈#..........
####...#≈≈≈≈≈#........o.
.#.##..#≈≈≈≈≈#^)........
[..#...###'###..........
.....<......#...@.......
...........##...........
.)........###...........
.#.........##...........
.###....#.......##......
......####.#....# #....%
......##.#.#...## !....
...............# ..#..
......#.#....... #


You could see an orc wizard.

Levels and vault maps discovered:
D:1:      wander_arrival_abandoned_jail, layout_basic
D:2:      minmay_evil_eye, layout_loops_ring
D:3:      layout_rooms, gup_sewer_entry_bowl
D:4:      layout_loops_ring, gammafunk_temple_overflow_pools,
          minmay_misc_feat_rows
D:5:      layout_basic, nicolae_overflow_crystal_walls, first_ration,
          ebering_ghost_disaster_area, uniq_pikel
D:6:      layout_cave_pools, chequers_serial_rivers_room_b, uniq_menkaure

Notes
Turn   | Place    | Note
-------+----------+-------------------------------------------
     0 | D:1      | lepoulpe303 the Spriggan Venom Mage began the quest for the
                  | Orb.
     0 | D:1      | Reached XP level 1. HP: 9/9 MP: 5/5
    58 | D:1      | Identified a +0 club
   119 | D:1      | Reached skill level 3 in Spellcasting
   174 | D:1      | Reached skill level 1 in Conjurations
   174 | D:1      | Reached XP level 2. HP: 13/13 MP: 0/7
   273 | D:1      | Identified a +0 short sword (You found it on level 1 of the
                  | Dungeon)
   410 | D:1      | Learned a level 2 spell: Poisonous Vapours
   410 | D:1      | Identified a +0 dagger
   429 | D:1      | lepoulpe303: !whichgod spvm
   429 | D:1      | meem: 54 recent wins for spvm: 34x Ashenzari, 6x Gozag, 4x
                  | Vehumet, 2x Dithmenos, 2x Sif Muna, 2x Ru, Fedhas,
                  | Elyvilon, Hepliaklqana, Okawaru
   567 | D:1      | Identified a +0 short sword
   833 | D:1      | HP: 3/13 [jackal (1)]
  1143 | D:1      | Identified a +0 short sword
  1276 | D:2      | Identified a +0 club
  1278 | D:2      | Reached XP level 3. HP: 15/16 MP: 8/8
  1504 | D:2      | Reached skill level 1 in Short Blades
  1535 | D:2      | Identified a cursed -2 club
  1592 | D:2      | Identified a +0 club
  1830 | D:2      | HP: 4/17 [poisoned by an adder]
  2107 | D:2      | Identified a +0 club
  2203 | D:3      | Identified a +0 club
  2203 | D:3      | Identified a +0 leather armour
  2203 | D:3      | Identified a +0 dagger
  2203 | D:3      | Identified a +0 robe
  2203 | D:3      | Identified a +0 scale mail
  2223 | D:2      | Reached XP level 4. HP: 16/21 MP: 1/9
  2230 | D:2      | Learned a level 3 spell: Mephitic Cloud
  2328 | D:3      | Found a glowing drain.
  2333 | Sewer    | Entered a sewer
  2434 | Sewer    | Identified 2 scrolls of identify
  2434 | Sewer    | Identified a +2 dagger of venom (You found it on level 1 of
                  | the Dungeon)
  2518 | Sewer    | HP: 5/21 [adder (2)]
  2520 | Sewer    | Identified 3 potions of might
  2521 | Sewer    | Identified a potion of curing
  2698 | Sewer    | Identified a +0 short sword
  2772 | Sewer    | Noticed a big kobold
  2772 | Sewer    | Noticed a big kobold
  2794 | Sewer    | Killed a big kobold
  2794 | Sewer    | Reached skill level 2 in Short Blades
  2794 | Sewer    | Reached XP level 5. HP: 22/25 MP: 5/11
  2805 | Sewer    | Reached skill level 1 in Fighting
  2805 | Sewer    | Reached skill level 4 in Stealth
  2805 | Sewer    | Reached skill level 2 in Conjurations
  2907 | Sewer    | Reached skill level 4 in Dodging
  2927 | Sewer    | Reached XP level 6. HP: 24/30 MP: 9/12
  3018 | Sewer    | Reached skill level 4 in Poison Magic
  3227 | Sewer    | Identified a +0 short sword
  3268 | Sewer    | Reached skill level 3 in Short Blades
  3385 | Sewer    | Reached skill level 4 in Spellcasting
  3656 | D:3      | Reached XP level 7. HP: 33/33 MP: 10/14
  3662 | D:3      | Learned a level 4 spell: Olgreb's Toxic Radiance
  3673 | D:3      | Identified a +0 short sword
  3735 | D:3      | Identified a +0 club
  3756 | D:3      | Identified a +0 dagger
  4164 | D:4      | Identified a +0 hand axe
  4164 | D:4      | Identified a +0 dagger
  4183 | D:4      | Identified a +0 club
  4344 | D:4      | Got a dull robe
  4345 | D:4      | Identified the cursed +0 robe "Cumam" {rF- rN+++ Regen+
                  | Int+3 Dex-5} (You found it on level 4 of the Dungeon)
  4346 | D:4      | Identified a +0 robe of magic resistance (You found it on
                  | level 2 of the Dungeon)
  4358 | D:4      | Identified 2 scrolls of fear
  4439 | D:4      | Identified a cursed -1 shortbow
  4585 | D:4      | Reached skill level 5 in Stealth
  4746 | D:4      | Found a shadowy altar of Dithmenos.
  4747 | D:4      | Found a hazy altar of Hepliaklqana.
  4754 | D:4      | Became a worshipper of Dithmenos the Shadowed
  5013 | D:5      | Entered Level 5 of the Dungeon
  5173 | D:5      | Reached skill level 4 in Short Blades
  5220 | D:5      | Found a large runed translucent door.
  5224 | D:5      | Found a large runed translucent door.
  5225 | D:5      | Noticed Nebesus's ghost (novice DEGl)
  5267 | D:5      | Found an iron altar of Okawaru.
  5268 | D:5      | Reached skill level 3 in Conjurations
  5305 | D:5      | Reached skill level 2 in Fighting
  5339 | D:5      | Identified a +2 whip of flaming
  5339 | D:5      | Identified a +0 robe
  5339 | D:5      | Noticed Pikel
  5410 | D:5      | Killed Pikel
  5410 | D:5      | Reached skill level 5 in Dodging
  5410 | D:5      | Reached skill level 5 in Poison Magic
  5410 | D:5      | Reached skill level 1 in Invocations
  5410 | D:5      | Reached XP level 8. HP: 25/39 MP: 13/16
  6287 | D:6      | Identified a cursed -1 giant spiked club
  6326 | D:5      | Reached skill level 6 in Stealth
  6336 | D:5      | HP: 9/39 [hound (4)]
  6338 | D:5      | Reached skill level 5 in Short Blades
  6628 | D:6      | Reached skill level 5 in Spellcasting
  6639 | D:6      | Identified a +0 falchion
  6909 | D:6      | Identified a cursed +4 falchion
  6909 | D:6      | Identified a +0 robe
  6910 | D:6      | Identified a +0 mace
  6910 | D:6      | Identified a +0 robe
  6910 | D:6      | Identified a +3 battleaxe
  6910 | D:6      | Identified a +0 robe
  6912 | D:6      | Identified a +2 hand axe
  6912 | D:6      | Identified a +0 robe
  6927 | D:6      | Identified a +0 dagger
  6927 | D:6      | Identified a +0 robe
  6928 | D:6      | Identified a +0 dagger
  6928 | D:6      | Identified a +0 robe
  6928 | D:6      | Identified a +0 hand axe
  6936 | D:6      | Reached * piety under Dithmenos
  7007 | D:6      | Noticed Menkaure
  7059 | D:6      | Identified a +0 trident
  7059 | D:6      | Identified a +0 leather armour
  7059 | D:6      | Identified a +0 short sword
  7059 | D:6      | Identified a +0 scale mail
  7059 | D:6      | Identified a +0 hand axe
  7087 | D:6      | HP: 2/39 [orc priest/divine providence (16)]
  7090 | D:6      | Identified a +0 dagger
  7090 | D:6      | Identified a +0 robe
  7091 | D:6      | Reached skill level 2 in Invocations
  7092 | D:6      | Killed from afar by an orc wizard

Table legend:
 A = Turns spent in this place as a percentage of turns spent in the entire game.
 B = Non-inter-level travel turns spent in this place as a percentage of non-inter-level travel turns spent in the entire game.
 C = Inter-level travel turns spent in this place as a percentage of turns spent in this place.
 D = Turns resting spent in this place as a percentage of non-inter-level travel turns spent in this place.
 E = Turns spent auto-exploring this place as a percentage of non-inter-level travel turns spent in this place.
 F = Non-inter-level travel turns spent in this place divided by the number of levels of this place that you've seen.
                   A       B       C       D       E      F
               +-------+-------+-------+-------+-------+----------------------
         Total | 100.0 | 100.0 |   3.6 |  33.3 |  37.6 | 976.4
       Dungeon |  83.2 |  82.5 |   4.4 |  33.6 |  37.9 | 940.2
         Sewer |  16.8 |  17.5 |   0.0 |  32.2 |  36.5 | 1194.0
               +-------+-------+-------+-------+-------+----------------------

Table legend:
 A = Kills in this place as a percentage of kills in entire the game.
 B = Kills by you in this place as a percentage of kills by you in the entire game.
 C = Kills by friends in this place as a percentage of kills by friends in the entire game.
 D = Other kills in this place as a percentage of other kills in the entire game.
 E = Experience gained in this place as a percentage of experience gained in the entire game.
 F = Experience gained in this place divided by the number of levels of this place that you have seen.
                   A       B       C       D       E      F
               +-------+-------+-------+-------+-------+----------------------
         Total | 100.0 | 100.0 |   N/A |   N/A | 100.0 | 372.1
       Dungeon |  78.0 |  78.0 |   N/A |   N/A |  78.5 | 340.7
         Sewer |  22.0 |  22.0 |   N/A |   N/A |  21.5 | 561.0
               +-------+-------+-------+-------+-------+----------------------

Skill      XL: |  1  2  3  4  5  6  7  8 |
---------------+-------------------------+-----
Spellcasting   | 3 4 5 |  5.1
Conjurations   | 1 2 3 |  3.7
Short Blades   | 1 2 3 4 5 |  5.2
Fighting       | 1 2 |  2.5
Stealth        | 4 5 6 |  6.4
Dodging        | 4 5 |  5.7
Poison Magic   | 4 5 |  5.7
Invocations    | 1 2 |  2.0

Action                   |  1- 3 |  4- 6 |  7- 9 || total
-------------------------+-------+-------+-------++-------
Melee: Short sword       |   103 |    15 |       ||   118
       Dagger            |       |    82 |   196 ||   278
Throw: Dart              |       |       |     8 ||     8
 Cast: Sting             |    45 |    77 |    36 ||   158
       Poisonous Vapours |     2 |       |       ||     2
  Use: Potion            |       |     2 |       ||     2
       Scroll            |       |     1 |     3 ||     4
 Stab: Sleeping          |     4 |       |    12 ||    16
  Eat: Ration            |       |       |     2 ||     2
Armor: Robe              |     6 |     6 |     8 ||    20
Dodge: Dodged            |   109 |   100 |   138 ||   347

Vanquished Creatures
  Pikel (D:5)
  2 slaves (D:5)
  A phantom (D:4)
  An ogre (D:5)
  A centaur (D:4)
  4 big kobolds (Sewer)
  2 bullfrogs (D:6)
  A scorpion (D:5)
  A howler monkey (D:3)
  A crimson imp (D:5)
  3 hounds (D:5)
  An orc wizard (D:3)
  An orc priest (D:6)
  2 iguanas
  5 worker ants
  10 adders
  4 river rats (Sewer)
  2 adder zombies (D:6)
  6 worms
  3 dart slugs
  6 leopard geckos
  9 orcs
  5 ball pythons
  3 bats
  7 giant cockroaches
  5 goblins
  3 hobgoblins
  6 jackals (D:1)
  3 quokkas
  7 frilled lizards
  A jackal skeleton (D:6)
  8 kobolds
  2 leopard gecko skeletons (D:4)
  A quokka skeleton (D:4)
  11 rats
129 creatures vanquished.

Vanquished Creatures (others)
  A slave (D:5)
1 creature vanquished.

Grand Total: 130 creatures vanquished
